[Event "*** Titled Tuesday Blitz"]
[Site "Chess.com"]
[Date "2019.11.05"]
[Round "6"]
[White "ExploringChess"]
[Black "nocnypako"]
[Result "1-0"]
[WhiteElo "2724"]
[BlackElo "2542"]
[TimeControl "180+2"]
[EndTime "14:18:41 PST"]
[Termination "ExploringChess won on time"]

1. e4 c5 2. Nf3 d6 3. c3 Nf6 4.
h3 Nbd7 5. Bd3 b6 6. Bc2 Bb7 7. Qe2 e6 8. O-O Be7 9. d4 O-O 10. Bf4 Rc8 11. e5 Nd5 12. Qe4 f5 13. exf6 N7xf6 14. Qxe6+ Kh8 15. Bh2 cxd4 16. Nxd4 Qd7 17. Qxd7 Nxd7 18.
Nd2 g6 19. Ne4 Ne5 20. Nb5 Nb4 21. Nbxd6 Nxc2 22. Bxe5+ Kg8 23. Nxb7 Nxa1 24. Rxa1 Rf5 25. Ned6 1-0

[Event "*** Titled Tuesday Blitz"]
[Site "Chess.com"]
[Date "2019.11.05"]
[Round "6"]
[White "Recombinant"]
[Black "Squirlolz"]
[Result "0-1"]
[WhiteElo "2343"]
[BlackElo "2543"]
[TimeControl "180+2"]
[EndTime "14:18:41 PST"]
[Termination "Squirlolz won by resignation"]

1. d4 e6 2. e4 d5 3. Nc3 Nf6 4. e5 Nfd7 5. f4 c5 6. Be3 Nc6 7. Nf3 a6 8. Qd2 Be7 9. O-O-O c4 10. f5 b5 11. fxe6 fxe6 12. Bg5 Nb6 13. Bxe7 Qxe7 14.
Qg5 b4 15. Qxe7+ Kxe7 16. Ne2 Rf8 17. c3 a5 18. Ng3 a4 19. cxb4 a3 20. b5 Nb4 21. bxa3 Rxa3 22. Rd2 c3 23. Rf2 Nxa2+ 24. Kb1 Nb4 25. Be2 Bd7 0-1

[Event "*** Titled Tuesday Blitz"]
[Site "Chess.com"]
[Date "2019.11.05"]
[Round "6"]
[White "vinniethepooh"]
[Black "joppie2"]
[Result "0-1"]
[WhiteElo "2694"]
[BlackElo "2889"]
[TimeControl "180+2"]
[EndTime "14:18:45 PST"]
[Termination "joppie2 won by resignation"]

1. d4 Nf6 2. c4 g6 3. Nc3 Bg7 4. e4 O-O 5. Be2 d6 6. Be3 Na6 7. Nf3 Ng4 8. Bg5 f6 9. Bc1 e5 10. h3 Nh6 11. O-O exd4 12. Nxd4 f5 13. Bxh6 Bxh6 14. exf5 gxf5 15. Bf3 Kh8 16. Re1 Bg7 17. Nd5 c6 18. Nf4 Nc5 19. b4 Qf6 20. Nc2 Ne4 21. Nh5 Qg5 22. Nxg7 Qxg7 23. Qd4 Ng5 24. Re7 Nxf3+ 0-1

[Event "*** Titled Tuesday Blitz"]
[Site "Chess.com"]
[Date "2019.11.05"]
[Round "6"]
[White "Saitama_Hero"]
[Black "ferdipy"]
[Result "1-0"]
[WhiteElo "2352"]
[BlackElo "2211"]
[TimeControl "180+2"]
[EndTime "14:18:47 PST"]
[Termination "Saitama_Hero won by resignation"]

1. Nf3 Nf6 2. c4 e6 3. g3 b6 4. Bg2 Bb7 5. O-O Be7 6. b3 O-O 7. Bb2 c5 8. d3 d6 9. Nbd2 Nbd7 10. a3 Qc7 11. e4 Rac8 12. Re1 Ne5 13. Qc2 Rfd8 14. h3 Bf8 15. Nh2 Nc6 16. f4 Nd4 17.
Bxd4 cxd4 18. Ndf3 e5 19. f5 Nh5 20. Qf2 f6 21.
Bf1 g6 22. Be2 Bh6 23. Ng4 Bf8 24. fxg6 hxg6 25. Nh4 Qg7 26. Rf1 Be7 27. Nh2 Qh6 28.
Kh1 Kh7 29. Ng4 Qg5 30. Nf3 Nxg3+ 31. Qxg3 Qh5 32. Nfxe5 Qxe5 33. Nxe5 dxe5 34. Bg4 Rc7 35. Be6 Rh8 36. Rg1 g5 37. Kg2 Bc6 38. h4 Kg7 39.
hxg5 fxg5 40. Qxe5+ Bf6 41. Qxc7+ 1-0

[Event "*** Titled Tuesday Blitz"]
[Site "Chess.com"]
[Date "2019.11.05"]
[Round "6"]
[White "vladimirdamjanovic"]
[Black "pedroholly22"]
[Result "0-1"]
[WhiteElo "2595"]
[BlackElo "2399"]
[TimeControl "180+2"]
[EndTime "14:19:19 PST"]
[Termination "pedroholly22 won on time"]

1. e4 c5 2. Nf3 g6 3. d4 cxd4 4. c3 Bg7 5. Bc4 Nf6 6. e5 Ng8 7.
Qb3 e6 8. cxd4 Nc6 9. O-O Nge7 10. Nc3 h6 11. d5 Na5 12. Qb4 Nxc4 13. Qxc4 Nxd5 14.
Nxd5 exd5 15. Qxd5 O-O 16. Bf4 Kh7 17. Rac1 a5 18.
h4 Ra6 19. Rc2 Rc6 20. Rd2 d6 21. exd6 Be6 22. Qd3 Bxa2 23. h5 Bc4 24. Qb1 Bxf1 25. Qxf1 a4 26. Ne5 Rc5 27. Nf3 Rxh5 28. Qc4 Rf5 29. Qxa4 Re8 0-1

[Event "*** Titled Tuesday Blitz"]
[Site "Chess.com"]
[Date "2019.11.05"]
[Round "6"]
[White "Rodalquilar"]
[Black "boasovietica"]
[Result "1-0"]
[WhiteElo "2638"]
[BlackElo "2450"]
[TimeControl "180+2"]
[EndTime "14:19:21 PST"]
[Termination "Rodalquilar won by resignation"]

1. d4 d5 2. Bf4 Nf6 3. e3 e6 4. Nf3 c5 5. c3 Bd6 6. Bb5+ Nc6 7. Bg3 O-O 8. Nbd2 a6 9. Bd3 b5 10. Qe2 Bb7 11. Rd1 b4 12. e4 bxc3 13. bxc3 dxe4 14. Nxe4 Nxe4 15. Bxe4 Qe7 16. Bxd6 Qxd6 17. Bxh7+ Kxh7 18. Ng5+ Kg8 19. Qh5 Rfb8 20. Qxf7+ Kh8 21. Rd3 1-0

[Event "*** Titled Tuesday Blitz"]
[Site "Chess.com"]
[Date "2019.11.05"]
[Round "6"]
[White "LuckIsMySkill"]
[Black "SerGo055"]
[Result "0-1"]
[WhiteElo "2757"]
[BlackElo "2548"]
[TimeControl "180+2"]
[EndTime "14:19:25 PST"]
[Termination "SerGo055 won by resignation"]

1. Nf3 Nf6 2. c4 e6 3. g3 b6 4. Bg2 Bb7 5. O-O Be7 6. b3 O-O 7. Bb2 c5 8. e3 d5 9. Ne5 Nc6 10. f4 Rc8 11. Nc3 d4 12. Ne2 dxe3 13. dxe3 Qc7 14.
h3 Rfd8 15. Qc1 Nb4 16. a3 Bxg2 17. Kxg2 Qb7+ 18. Kh2 Nd3 19. Qc2 Nxb2 20. Qxb2 Ne4 21. Rad1 Bf6 22. h4 Bxe5 23. fxe5 Rxd1 24. Rxd1 Nf2 25.
Re1 Nd3 26. Qc3 Nxe1 27. Qxe1 Qe4 28. Nf4 Qxe5 29. Qd1 Qc7 30. h5 Rd8 31. Qg4 h6 32.
Qf3 Qe5 33. Kh3 Qf5+ 34. g4 Qe5 0-1

[Event "*** Titled Tuesday Blitz"]
[Site "Chess.com"]
[Date "2019.11.05"]
[Round "6"]
[White "Indianlad"]
[Black "LawrenceTrent"]
[Result "1-0"]
[WhiteElo "3014"]
[BlackElo "2695"]
[TimeControl "180+2"]
[EndTime "14:19:37 PST"]
[Termination "Indianlad won by resignation"]

1. d4 Nf6 2. c4 g6 3. g3 Bg7 4. Bg2 O-O 5. Nc3 d6 6. Nf3 c6 7. O-O Qb6 8. b3 Bg4 9. Bb2 Nbd7 10. h3 Bxf3 11. Bxf3 e5 12. d5 cxd5 13. Nxd5 Nxd5 14. Bxd5 Rfd8 15. Qd2 Nf6 16. Rfd1 Nxd5 17. Qxd5 Bf8 18. h4 Qc6 19. Rd3 Qxd5 20. Rxd5 f6 21.
Rad1 Kf7 22. e4 Be7 23. f4 Ke6 24. Kg2 h5 25. Kf3 Rac8 26. Ba3 b6 27. Bc1 Rc5 28. R5d3 a5 29. a4 Rc6 30. Be3 Rdc8 31. Rd5 Rb8 32.
R5d2 Rb7 33. Rg2 f5 34. Rd5 Rb8 35. Rgd2 Rb7 36. Rd1 Bf6 37. Bc1 Be7 38. Ba3 exf4 39. exf5+ gxf5 40. Re1+ Kf6 41. Kxf4 Kg6 42. Re6+ Kf7 43.
Kxf5 Rc5 44. Bxc5 bxc5 45. Rd3 Rb8 46. Rh6 Rf8 47. Rxh5 Kg7+ 48. Kg4 1-0

[Event "*** Titled Tuesday Blitz"]
[Site "Chess.com"]
[Date "2019.11.05"]
[Round "6"]
[White "DeGrootteZ"]
[Black "Zaven_ChessMood"]
[Result "0-1"]
[WhiteElo "2620"]
[BlackElo "2857"]
[TimeControl "180+2"]
[EndTime "14:19:40 PST"]
[Termination "Zaven_ChessMood won by checkmate"]

1. e4 c5 2. Nf3 d6 3. d4 cxd4 4. Nxd4 Nf6 5. Nc3 a6 6. Be3 Ng4 7. Bg5 h6 8. Bh4 g5 9. Bg3 Bg7 10. h3 Ne5 11. Nf5 Bxf5 12. exf5 Nbd7 13. Be2 Rc8 14. O-O Nb6 15. Rb1 Qd7 16. f4 gxf4 17.
Rxf4 Rg8 18. Bh2 Bf6 19. Kh1 Qc6 20. Bf1 Nbc4 21. Nd5 Bg5 22. Re4 Nd2 23. Rd4 Nxb1 24. Qxb1 Qxc2 25. Qe1 Qxb2 26. Bxe5 Rc1 27. Qe4 Rxf1+ 28.
Kh2 dxe5 29. Qxe5 Kf8 30. f6 Bxf6 31. Qb8+ Kg7 32. Rg4+ Bg5 33. Qg3 Kh8 34. Nxe7 Qa1 35. Qd3 Bf4+ 36. Rxf4 Rh1# 0-1

[Event "*** Titled Tuesday Blitz"]
[Site "Chess.com"]
[Date "2019.11.05"]
[Round "6"]
[White "HarutyunianTigranK"]
[Black "Qvalda"]
[Result "1-0"]
[WhiteElo "2806"]
[BlackElo "2544"]
[TimeControl "180+2"]
[EndTime "14:19:42 PST"]
[Termination "HarutyunianTigranK won by checkmate"]

1. c4 e6 2. Nc3 d5 3. d4 a6 4. Nf3 dxc4 5. a4 c5 6. e3 Nf6 7. Bxc4 Nc6 8. O-O Qc7 9. dxc5 Bxc5 10. b3 O-O 11. Bb2 b6 12. Rc1 Bb7 13. Qe2 Rac8 14. e4 Nd4 15. Nxd4 Bxd4 16. Bxa6 Bxa6 17.
Qxa6 Qe5 18. Nd5 Rxc1 19. Nxf6+ gxf6 20. Bxc1 Qxe4 21. Qc4 Qe5 22. Bh6 Rd8 23. h3 f5 24.
Kh1 Qf6 25. Bf4 Be5 26. Rc1 Bxf4 27. Qxf4 e5 28. Qe3 e4 29. Qf4 Qg6 30. b4 Re8 31. a5 bxa5 32. bxa5 Ra8 33. Rc3 Qf6 34. Rc5 Qa1+ 35.
Kh2 Rxa5 36. Rc8+ Kg7 37. Qg5# 1-0

[Event "*** Titled Tuesday Blitz"]
[Site "Chess.com"]
[Date "2019.11.05"]
[Round "6"]
[White "Alliswell998"]
[Black "VerdeNotte"]
[Result "0-1"]
[WhiteElo "2525"]
[BlackElo "2769"]
[TimeControl "180+2"]
[EndTime "14:19:43 PST"]
[Termination "VerdeNotte won by checkmate"]

1. e4 d6 2. Nc3 c5 3. f4 Nc6 4. Nf3 a6 5. d4 cxd4 6. Nxd4 Bd7 7. Be3 Nf6 8. Be2 Qb6 9. Qd2 Qxb2 10. Rb1 Qa3 11. Rxb7 Na5 12. Rc7 Kd8 13. Rxd7+ Kxd7 14. e5 Rc8 15. Nb3 Nxb3 16. axb3 Qa1+ 17. Nd1 Ne4 18.
Qd5 Nc3 19. Qb7+ Rc7 20. Qb8 Nxe2 21. Kxe2 Rxc2+ 22. Kf3 Rc8 23. Qb4 e6 24. Nf2 Qc3 25. Qb7+ Qc7 26. Qxa6 Qc6+ 27. Qxc6+ Rxc6 28. Ra1 dxe5 29. fxe5 Bc5 30. Bg5 Rb8 31. Ne4 Rxb3+ 32. Kg4 Bd4 33.
Ra8 Bxe5 34. Rd8+ Kc7 35. Rf8 f5+ 36. Kh5 fxe4 37. h4 e3 38. g4 e2 39. Bd2 Rb5 40. g5 Rc4 41. Rh8 g6+ 42. Kh6 Rxh4# 0-1

[Event "*** Titled Tuesday Blitz"]
[Site "Chess.com"]
[Date "2019.11.05"]
[Round "6"]
[White "Heineccius"]
[Black "2165149677570"]
[Result "1-0"]
[WhiteElo "2598"]
[BlackElo "2305"]
[TimeControl "180+2"]
[EndTime "14:19:53 PST"]
[Termination "Heineccius won by resignation"]

1. d4 Nf6 2. c4 e6 3. Nc3 Bb4 4. g3 c5 5. Nf3 cxd4 6. Nxd4 O-O 7.
Bg2 a6 8. O-O Qc7 9. Qd3 Nc6 10.
b3 d5 11. Nxc6 bxc6 12. Bg5 Be7 13. Rac1 Qa5 14. Bd2 Qa3 15. Qc2 a5 16. Na4 Ba6 17.
Bf4 Bd6 18. Bxd6 Qxd6 19. Rfd1 Qb4 20. e4 dxe4 21. Bxe4 Nxe4 22. Qxe4 c5 23. Rd7 Rad8 24. Rcd1 Rxd7 25. Rxd7 Bb5 26. Rb7 Bxa4 27. Rxb4 Bc6 28. Qxc6 1-0

[Event "*** Titled Tuesday Blitz"]
[Site "Chess.com"]
[Date "2019.11.05"]
[Round "6"]
[White "semchik73"]
[Black "vanyakuba"]
[Result "1-0"]
[WhiteElo "2413"]
[BlackElo "2390"]
[TimeControl "180+2"]
[EndTime "14:19:56 PST"]
[Termination "semchik73 won by resignation"]

1. Nf3 f5 2. e4 fxe4 3. Ng5 Nf6 4. d3 e5 5. dxe4 h6 6. Nf3 Nc6 7. Bc4 Bc5 8. Nc3 d6 9. h3 Ne7 10. Qd3 Ng6 11. Nd5 Nxd5 12. Qxd5 Qe7 13. Bb5+ Kf8 14. Bc4 c6 15. Qd3 Be6 16. Bxe6 Qxe6 17. Bd2 Kf7 18. O-O Rhf8 19. a4 a6 20. b4 Bb6 21. Rad1 Kg8 22. Be3 Bc7 23. c4 Nf4 24. Bxf4 Rxf4 25. c5 dxc5 26. bxc5 Rd8 27. Qc3 Rxd1 28.
Rxd1 Rxe4 29. Qb2 Qc8 30. Rb1 Rxa4 31. Qb3+ 1-0

[Event "*** Titled Tuesday Blitz"]
[Site "Chess.com"]
[Date "2019.11.05"]
[Round "6"]
[White "Denis_Makhnyov"]
[Black "Korchmar_Vasiliy"]
[Result "0-1"]
[WhiteElo "2904"]
[BlackElo "2726"]
[TimeControl "180+2"]
[EndTime "14:19:58 PST"]
[Termination "Korchmar_Vasiliy won by checkmate"]

1. d4 Nf6 2. c4 g6 3. g3 c6 4. Bg2 d5 5. Qa4 dxc4 6. Qxc4 Bg7 7. Nf3 O-O 8. O-O a5 9. Rd1 Na6 10. Bf4 Bf5 11. Be5 Nb4 12. Qc1 Nc2 13. Bxf6 Bxf6 14. g4 Be4 15. Nc3 Bxf3 16. Qxc2 Bxg4 17. Qe4 Bf5 18.
Qf4 Qb6 19. e4 Be6 20. e5 Bg7 21. Rd2 Rad8 22. Na4 Qa7 23. Nc5 Bd5 24. a4 Bxg2 25. Kxg2 Rd5 26. Rad1 Bxe5 27. dxe5 Qxc5 28. e6 fxe6 29. Qe4 Rf6 30. h4 Rdf5 31. Rf1 Rf4 32. Qe2 Rxh4 33. Rd8+ Kg7 34. Rfd1 Qg5+ 35. Qg4 Rxg4+ 36. Kf1 Rg1+ 37. Ke2 Qe5+ 38. Kd3 Rf3+ 39. Kc2 Rxf2+ 40. Kb3 Qxb2+ 41. Kc4 Qb4+ 42. Kd3 Rg3# 0-1

[Event "*** Titled Tuesday Blitz"]
[Site "Chess.com"]
[Date "2019.11.05"]
[Round "6"]
[White "Alex_Molchanov"]
[Black "hypert"]
[Result "1/2-1/2"]
[WhiteElo "2625"]
[BlackElo "2469"]
[TimeControl "180+2"]
[EndTime "14:19:58 PST"]
[Termination "Game drawn by agreement"]

1. Nf3 d5 2. d4 Nf6 3. c4 e6 4. Nc3 Bb4 5. Bd2 O-O 6. e3 b6 7.
Bd3 Ba6 8. Qe2 c5 9. cxd5 Bxd3 10. Qxd3 exd5 11. O-O c4 12. Qc2 Re8 13. b3 Bxc3 14. Bxc3 Qc7 15. bxc4 Qxc4 16. Qb3 Rc8 17. Rfc1 Nbd7 18.
Qxc4 Rxc4 19. Nd2 Rc6 20. Bb2 Rac8 21. Rxc6 Rxc6 22. Rc1 Nb8 23. f3 Rxc1+ 24. Bxc1 Nc6 25. Ba3 Nd7 26. Kf2 f5 27. Ke2 Kf7 28. Kd3 Nf6 29.
h3 Ke6 30. g4 g6 31. Bf8 a5 32.
a4 h5 33. gxf5+ gxf5 34. h4 1/2-1/2

[Event "*** Titled Tuesday Blitz"]
[Site "Chess.com"]
[Date "2019.11.05"]
[Round "6"]
[White "Iyael"]
[Black "Galileo22"]
[Result "0-1"]
[WhiteElo "2101"]
[BlackElo "2423"]
[TimeControl "180+2"]
[EndTime "14:20:02 PST"]
[Termination "Galileo22 won by resignation"]

1. e4 c5 2. c3 e6 3. d4 Nf6 4. e5 Nd5 5. Nf3 cxd4 6. cxd4 b6 7.
Nc3 Nxc3 8. bxc3 Bb7 9. Bd2 Qc7 10. Bd3 d6 11. O-O Nd7 12. Re1 dxe5 13. Nxe5 Bd6 14. Qh5 Bxe5 15. dxe5 Nc5 16. Bb5+ Bc6 17. Bf1 O-O-O 18.
Be3 Rd5 19. Bd4 Nb7 20. f4 h6 21. Rad1 Rhd8 22. Rd2 Kb8 23. Red1 Be8 24. Qg4 g6 25. h3 h5 26. Qf3 Bc6 27. Qe3 R5d7 28. Ra1 Ba4 29. Be2 Na5 30. Rb1 Bc6 31. Rxb6+ axb6 32.
Bxb6 Rxd2 33. Bxc7+ Kxc7 34. Qa7+ Nb7 35. Ba6 Rxg2+ 36.
Kh1 Rd1+ 0-1

[Event "*** Titled Tuesday Blitz"]
[Site "Chess.com"]
[Date "2019.11.05"]
[Round "6"]
[White "DanielNaroditsky"]
[Black "justantan"]
[Result "0-1"]
[WhiteElo "2967"]
[BlackElo "2864"]
[TimeControl "180+2"]
[EndTime "14:20:06 PST"]
[Termination "justantan won by checkmate"]

1. Nf3 d5 2. g3 Bg4 3. Bg2 Nd7 4. O-O e6 5. d3 Ngf6 6. c4 c6 7. cxd5 exd5 8. Nc3 Bc5 9. Qc2 O-O 10. b3 Re8 11.
Bb2 Qe7 12. Rfe1 Rad8 13. e3 Bxf3 14. Bxf3 d4 15. Ne4 dxe3 16. fxe3 Nxe4 17. Bxe4 Bb6 18.
Kh1 Nc5 19. Bf5 g6 20. Qc3 f6 21. b4 gxf5 22. bxc5 Bxc5 23. Qc4+ Kg7 24. Rf1 Qxe3 25. Qh4 Bd4 26. Bc1 Qxd3 27. Bh6+ Kg6 28. Rab1 Bb6 29.
Kg2 Re2+ 30. Kh3 Rd4 31. Bf4 h5 32. Rb3 Qc2 33. g4 fxg4+ 34. Kg3 Rg2# 0-1

[Event "*** Titled Tuesday Blitz"]
[Site "Chess.com"]
[Date "2019.11.05"]
[Round "6"]
[White "DinaBelenkaya"]
[Black "isla88"]
[Result "1-0"]
[WhiteElo "2316"]
[BlackElo "2171"]
[TimeControl "180+2"]
[EndTime "14:20:08 PST"]
[Termination "DinaBelenkaya won by checkmate"]

1. e4 d6 2. d4 Nf6 3. Nc3 Nbd7 4. f4 e5 5. dxe5 dxe5 6. Nf3 exf4 7. Bxf4 Bb4 8. Bd3 Nc5 9. O-O O-O 10. Nd5 Nxd3 11.
Qxd3 Bc5+ 12. Kh1 c6 13. Nc7 Rb8 14. Na6 bxa6 15. Bxb8 Qb6 16. Be5 Rd8 17. Qe2 Ng4 18.
Bg3 Qxb2 19. Ng5 Ne3 20. Nxf7 Bg4 21. Qxa6 Nxf1 22. Rxf1 Rf8 23. Qc4 Qb8 24. Nh6+ Kh8 25. Qg8+ Rxg8 26. Nf7# 1-0

[Event "*** Titled Tuesday Blitz"]
[Site "Chess.com"]
[Date "2019.11.05"]
[Round "6"]
[White "enriquetejedor"]
[Black "Perecke"]
[Result "1-0"]
[WhiteElo "2495"]
[BlackElo "2148"]
[TimeControl "180+2"]
[EndTime "14:20:11 PST"]
[Termination "enriquetejedor won by checkmate"]

1. e4 e5 2. Nf3 Nc6 3. d4 exd4 4. Bc4 Nf6 5. e5 d5 6. Bb5 Ne4 7. Nxd4 Bc5 8. O-O O-O 9. Nxc6 bxc6 10. Bxc6 Ba6 11.
Qxd5 Bxf1 12. Bxa8 Qh4 13. g3 Bxf2+ 14. Kxf1 Qxh2 15. Qxe4 Qg1+ 16. Ke2 Qxc1 17. Kxf2 Qxb2 18. Nc3 Qxa1 19. Ne2 Qxa2 20. Bd5 Qa3 21. Bb3 Kh8 22. Nf4 a5 23. Qf5 a4 24. Bxf7 Qc5+ 25. Kg2 a3 26.
Ng6+ hxg6 27. Qh3# 1-0

[Event "*** Titled Tuesday Blitz"]
[Site "Chess.com"]
[Date "2019.11.05"]
[Round "6"]
[White "Last7Samurai"]
[Black "maxip32"]
[Result "1-0"]
[WhiteElo "2695"]
[BlackElo "2484"]
[TimeControl "180+2"]
[EndTime "14:20:14 PST"]
[Termination "Last7Samurai won by resignation"]

1. e4 e5 2. Nf3 Nc6 3. Bb5 a6 4. Ba4 Nf6 5. O-O b5 6. Bb3 Be7 7.
Re1 d6 8. c3 O-O 9. h3 Nb8 10.
d4 Nbd7 11. Nbd2 Bb7 12. Bc2 c5 13. d5 Qc7 14. Nf1 g6 15. Ng3 Rfc8 16. Nh2 c4 17. Ng4 Nxg4 18. hxg4 Qd8 19. Nf1 Bg5 20. Ne3 Nc5 21.
g3 Qe7 22. Kg2 Re8 23. Rh1 Bc8 24. Qe2 Bd7 25. Bd2 Kg7 26. Rh2 Rh8 27. Rah1 h6 28.
Rf1 Rae8 29. Kg1 Bc8 30. Rg2 h5 31. f4 exf4 32. gxf4 Bh4 33. gxh5 Nxe4 34. hxg6 fxg6 35. f5 Nxd2 36. f6+ Bxf6 37. Rxg6+ Kf7 38. Rfxf6+ Qxf6 39. Rxf6+ Kxf6 40. Qxd2 Reg8+ 41. Ng2 Bh3 42. Qf4+ Ke7 43. Be4 Rg4 44. Qe3 Kd8 45. Qb6+ Ke7 46. Qc7+ Ke8 47. Qc8+ 1-0

[Event "*** Titled Tuesday Blitz"]
[Site "Chess.com"]
[Date "2019.11.05"]
[Round "6"]
[White "BIG_Pirate"]
[Black "Mikhail_Golubev"]
[Result "0-1"]
[WhiteElo "2434"]
[BlackElo "2621"]
[TimeControl "180+2"]
[EndTime "14:20:19 PST"]
[Termination "Mikhail_Golubev won by resignation"]

1. Nf3 d6 2. c4 g6 3. Nc3 Bg7 4. g3 e5 5. d4 Nd7 6. Bg2 Ngf6 7.
O-O O-O 8. b3 Re8 9. Bb2 e4 10.
Ng5 e3 11. f3 h6 12. Nge4 Nxe4 13. Nxe4 f5 14. Nc3 f4 15. Ne4 Nf6 16. Qc2 Nxe4 17.
fxe4 fxg3 18. hxg3 Qg5 19. Rf3 Bg4 20. Rf4 h5 21. Qd3 h4 22. Qxe3 Bh6 23. d5 hxg3 24.
Raf1 Qh4 25. R1f3 Bxf3 26. exf3 Qxf4 0-1

[Event "*** Titled Tuesday Blitz"]
[Site "Chess.com"]
[Date "2019.11.05"]
[Round "6"]
[White "JSPrepz"]
[Black "GHANDEEVAM2003"]
[Result "0-1"]
[WhiteElo "2824"]
[BlackElo "3002"]
[TimeControl "180+2"]
[EndTime "14:20:20 PST"]
[Termination "GHANDEEVAM2003 won by resignation"]

1. e4 e6 2. d4 d5 3. e5 c5 4. c3 Nc6 5. Nf3 Qb6 6. Bd3 Bd7 7. dxc5 Bxc5 8. O-O f6 9. b4 Be7 10. Qe2 fxe5 11. b5 e4 12. bxc6 Bxc6 13. Nd4 exd3 14. Qxe6 Bd7 15. Qxd5 Nf6 16. Qe5 Kf7 17. Nd2 Rhe8 18. Rb1 Qa6 19. N2f3 Bd6 20. Qg5 h6 21. Qh4 Re4 22. Ng5+ hxg5 23. Qxg5 Rg4 24. Qe3 Re4 25. Qd2 Rae8 26. Qd1 Ba4 27. Qf3 Bc2 28. Rb2 Ba3 29. Rb5 Bxc1 30. Rc5 d2 31. Rc7+ Kg8 32.
Rxg7+ Kxg7 33. Qg3+ Kf8 34. c4 Qxc4 35. Qd6+ Kf7 36.
h3 Qxf1+ 37. Kh2 d1=Q 38. Qc7+ R8e7 39. Qc4+ Qxc4 0-1

[Event "*** Titled Tuesday Blitz"]
[Site "Chess.com"]
[Date "2019.11.05"]
[Round "6"]
[White "gorgeous1083"]
[Black "FearNoEvil12"]
[Result "1-0"]
[WhiteElo "1998"]
[BlackElo "1968"]
[TimeControl "180+2"]
[EndTime "14:20:22 PST"]
[Termination "gorgeous1083 won by resignation"]

1. e4 a6 2. d4 b5 3. g3 Bb7 4. Bg2 e6 5. Ne2 Nf6 6. Bg5 Be7 7. Bxf6 gxf6 8. Qd3 f5 9. Nd2 fxe4 10. Nxe4 Nc6 11.
Nf4 d6 12. Qc3 Qd7 13. O-O-O O-O-O 14. Rhe1 d5 15. Nc5 Bxc5 16. Qxc5 Qd6 17. Qxd6 cxd6 18. h4 Kd7 19. Bh3 Kc7 20. Bxe6 fxe6 21. Nxe6+ Kd7 22. Nxd8 Nxd8 23. Rd3 Ne6 24. c3 Rf8 25. Rde3 Rf6 26. f3 Bc8 27. g4 Ke7 28. Kd2 Kf7 29. Ke2 Nf4+ 30. Kf2 Bxg4 31. Re7+ Kg6 32. fxg4 Nd3+ 33. Kg3 Nxe1 34. Rxe1 Kf7 35. Re2 a5 36. Rf2 b4 37.
Rxf6+ Kxf6 38. cxb4 axb4 39. Kf4 h6 40. a4 bxa3 41. bxa3 Kg6 42. a4 Kf6 43. a5 Ke7 44. a6 Kf6 45. a7 Kg7 46. a8=Q Kg6 47. Qxd5 Kg7 48. Qxd6 h5 49. gxh5 Kh7 50. Qg6+ Kh8 51. Qd6 Kh7 52. Kg5 Kh8 53. Kg6 1-0

[Event "*** Titled Tuesday Blitz"]
[Site "Chess.com"]
[Date "2019.11.05"]
[Round "6"]
[White "LastHeroJr"]
[Black "medalja"]
[Result "0-1"]
[WhiteElo "2573"]
[BlackElo "2409"]
[TimeControl "180+2"]
[EndTime "14:20:25 PST"]
[Termination "medalja won by resignation"]

1. e4 c6 2. d4 d5 3. e5 c5 4. Nf3 Nc6 5. c4 cxd4 6. Nxd4 Nxe5 7. cxd5 Qxd5 8. Nc3 Qa5 9. Bb5+ Bd7 10. Bf4 a6 11. Nb3 Qb4 12. Bxe5 Bxb5 13. Qf3 Bc6 14. Qe3 Nh6 15. O-O-O Ng4 16. Qg3 Nxe5 17. Qxe5 e6 18. Rd4 Qb6 19. Rhd1 Rc8 20. Kb1 h5 21. Nd2 Qc7 22.
Qg5 Qe7 23. Qe3 g6 24. Nc4 Qc7 25. Ne4 Bxe4+ 26. Rxe4 Be7 27. Ne5 Qc2+ 0-1

[Event "*** Titled Tuesday Blitz"]
[Site "Chess.com"]
[Date "2019.11.05"]
[Round "6"]
[White "LuisFSiles"]
[Black "WPWPWP-2015"]
[Result "1-0"]
[WhiteElo "2319"]
[BlackElo "2470"]
[TimeControl "180+2"]
[EndTime "14:20:33 PST"]
[Termination "LuisFSiles won by resignation"]

1. e4 c5 2. Nf3 e6 3. c3 Nf6 4. e5 Nd5 5. Bc4 Be7 6. d4 cxd4 7.
cxd4 O-O 8. O-O d6 9. Qe2 b6 10. Nc3 Nxc3 11. bxc3 Bb7 12. Bd3 Nd7 13. exd6 Bxd6 14.
Ng5 Nf6 15. h3 Rc8 16. Bd2 h6 17. Nf3 Qc7 18. Rfe1 Bf4 19. Ne5 Bxd2 20. Qxd2 Qxc3 21. Qf4 Rcd8 22. Rad1 Kh8 23. Bb1 Kg8 24. Re3 Qc7 25. Rg3 Kh8 26. Ng6+ fxg6 27. Qxc7 Bd5 28. Rxg6 Rd7 29.
Rxf6 gxf6 30. Qxd7 1-0

[Event "*** Titled Tuesday Blitz"]
[Site "Chess.com"]
[Date "2019.11.05"]
[Round "6"]
[White "zim0ne"]
[Black "amiralfio"]
[Result "1-0"]
[WhiteElo "2630"]
[BlackElo "2446"]
[TimeControl "180+2"]
[EndTime "14:20:34 PST"]
[Termination "zim0ne won by resignation"]

1. Nf3 e6 2. c4 f5 3. g3 Nf6 4. Bg2 Be7 5. O-O O-O 6. d4 d6 7. Nc3 Ne4 8. Qc2 Nxc3 9. Qxc3 a5 10. b3 Bf6 11. Bb2 Nc6 12. Rad1 Qe8 13. Qc2 e5 14.
d5 Nb4 15. Qb1 f4 16. a3 Na6 17. Nd2 g6 18. Ne4 Bg7 19. Bc3 b6 20. b4 axb4 21. axb4 Bf5 22. Qb2 Qd7 23. Ra1 h6 24. c5 bxc5 25.
bxc5 Bxe4 26. Bxe4 Nxc5 27. Bxg6 Qg4 28. Qc2 h5 29.
Rxa8 Rxa8 30. Bf5 Qg5 31. Bb4 fxg3 32. hxg3 h4 33. Kg2 hxg3 34. fxg3 Bf6 35. Bxc5 dxc5 36. Qxc5 Ra2 37. Be6+ Kg7 38. Qxc7+ Be7 39. Bg4 Ra3 40.
d6 Qxg4 41. Qxe7+ Kh6 42. Rf6+ Kh5 43. Qxe5+ Qg5 44. Qe8+ Kg4 45. Qe6+ Kh5 46. Qf7+ Kg4 47. Rf4+ Qxf4 48. Qxf4+ Kh5 49. g4+ Kg6 50. Qf5+ Kg7 51. g5 1-0

[Event "*** Titled Tuesday Blitz"]
[Site "Chess.com"]
[Date "2019.11.05"]
[Round "6"]
[White "cukus"]
[Black "NoGalloNoParty"]
[Result "1-0"]
[WhiteElo "2457"]
[BlackElo "2292"]
[TimeControl "180+2"]
[EndTime "14:20:34 PST"]
[Termination "cukus won by resignation"]

1. e4 c5 2. Nf3 d6 3. d4 cxd4 4. Nxd4 Nf6 5. Nc3 a6 6. Bd3 e5 7. Nde2 Be7 8. O-O O-O 9. Ng3 b5 10. a4 b4 11. Nd5 Nxd5 12. exd5 f5 13. f4 e4 14. Bc4 Nd7 15. Be3 Bf6 16. Rb1 g6 17. Ne2 Qc7 18. Bb3 Nc5 19. Nd4 Bd7 20. Ne6 Bxe6 21. dxe6 Nxb3 22. cxb3 d5 23. Qxd5 Rfd8 24.
Qc5 Qxc5 25. Bxc5 Rd3 26. Bxb4 Rb8 27. Bc3 Kg7 28. b4 Re8 29. Rfd1 Rxe6 30. Rxd3 exd3 31. Rd1 Rd6 32. Kf2 Bd4+ 33. Kf3 Bf6 34. Ke3 Re6+ 35. Kxd3 Re4 36. Re1 Bxc3 37. Rxe4 fxe4+ 38. Kxc3 Kf6 39. b5 axb5 40. a5 Ke6 41. a6 1-0

[Event "*** Titled Tuesday Blitz"]
[Site "Chess.com"]
[Date "2019.11.05"]
[Round "6"]
[White "MikaelyanArman"]
[Black "MartinZumsande"]
[Result "1-0"]
[WhiteElo "2735"]
[BlackElo "2546"]
[TimeControl "180+2"]
[EndTime "14:20:36 PST"]
[Termination "MikaelyanArman won by resignation"]

1. e4 e6 2. d4 d5 3. Nc3 Nf6 4.
Bg5 Bb4 5. e5 h6 6. Be3 Ne4 7.
Qg4 Kf8 8. a3 Bxc3+ 9. bxc3 Nxc3 10. Bd3 c5 11. dxc5 Nc6 12. Nf3 f5 13. Qh5 Qe8 14. Qh3 Kg8 15. g4 Ne4 16. Rg1 g5 17.
O-O-O f4 18. Bxf4 Nxf2 19. Qh5 Qxh5 20. gxh5 Nxd1 21. Kxd1 Kf7 22. Be3 Bd7 23. h4 d4 24.
Bf2 Rag8 25. hxg5 hxg5 26. Nxg5+ Ke7 27. Bh4 Nxe5 28. Nh7+ Kf7 29. Rf1+ Ke8 30. Nf6+ Kf7 31. Nxd7+ 1-0